 Dungeon Crawl Stone Soup version 0.30.1-3-gfc49f6343a (webtiles) character file.

Game seed: 3381148351388064572

379 KyoPewz the Cudgeller (level 6, -7/59 HPs)
             Began as an Ogre Gladiator on July 30, 2023.
             Mangled by a gnoll
             ... wielding a +1 heavy spear
             ... led by a gnoll bouda
              (11 damage)
             ... on level 4 of the Dungeon.
             The game lasted 00:08:34 (3232 turns).

KyoPewz the Cudgeller (Ogre Gladiator)              Turns: 3232, Time: 00:08:34

Health: -7/59      AC:  5    Str: 19 (21) XL:     6   Next: 74%
Magic:  6/6        EV: 10    Int:  6 (9)  God:
Gold:   117        SH:  0    Dex:  8 (10) Spells: 5/5 levels left

rFire   . . .        a - +0 flail
rCold   . . .        (no shield)
rNeg    . . .        b - +0 robe
rPois   +            c - +0 hat
rElec   .            g - +1 cloak {rPois}
rCorr   .            (gloves unavailable)
SInv    .            (boots unavailable)
Will    .....        (no amulet)
Stlth   +            s - +4 ring of slaying
HPRegen 0.29/turn    (no ring)
MPRegen 0.10/turn

%: no passive effects
@: no status effects
A: large, unfitting armour, tough skin 1
a: no special abilities


You were on level 4 of the Dungeon.
You visited 1 branch of the dungeon, and saw 4 of its levels.

You collected 117 gold pieces.

Inventory:

Hand Weapons
 a - a +0 flail (weapon)
Missiles
 d - 3 throwing nets
 i - 5 poisoned darts
 j - 27 stones (quivered)
Armour
 b - a +0 robe (worn)
 c - a +0 hat (worn)
 g - a +1 cloak of poison resistance (worn)
Jewellery
 s - a +4 ring of slaying (left hand)
 P - a ring of poison resistance
Scrolls
 f - a scroll of fog {unknown}
 k - a scroll of poison {unknown}
 l - 3 scrolls of immolation {unknown}
 o - a scroll of amnesia {unknown}
 q - a scroll of summoning {unknown}
 t - a scroll of blinking {unknown}
 w - 3 scrolls of torment
Potions
 e - 2 potions of mutation
 n - 2 potions of resistance
 p - 2 potions of flight
 u - a potion of brilliance {unknown}


   Skills:
 - Level 2.6 Fighting
 * Level 5.7 Maces & Flails
 + Level 4.2 Throwing
 - Level 2.6 Dodging


You had 5 spell levels left.
You didn't know any spells.
Your spell library contained the following spells:

 Spells                   Type           Power      Damage    Failure   Level
 Blade Hands              Tmut           0%         N/A       100%        5
 Irradiate                Conj/Tmut      0%         3d11      100%        5
 Dragon Form              Tmut           0%         N/A       100%        7


Dungeon Overview and Level Annotations

Branches:
Dungeon (4/15)
 Temple: D:4-7

Altars:


Innate Abilities, Weirdness & Mutations

You are too large for most types of armour.
You have tough skin. (AC +1)


Message History

You turn into a tree.
Your +1 cloak of poison resistance melds into your body.
Your +0 hat melds into your body.
Your +0 robe melds into your body.
You no longer feel resistant to poison.
Your roots penetrate the ground.
The gnoll hits you with a +0 club.
* * * LOW HITPOINT WARNING * * *
You now have 8/88 hp.
You hit the gnoll.
The gnoll is severely wounded.
The gnoll completely misses you.
The gnoll bouda barks out a call to the hunt!
The gnoll picks up the pace!
The gnoll hits you with a +0 club.
* * * LOW HITPOINT WARNING * * *
You take 5 damage, and have 3/88 hp.
You sock the gnoll!
You kill the gnoll!
You thump the gnoll bouda!
You kill the gnoll bouda!
It was a potion of might.
You feel very mighty all of a sudden. The goblin hits you but does no damage.
The gnoll hits you but does no damage.
It was a potion of magic.
Magic courses through your body. The goblin hits you but does no damage.
It was a potion of cancellation.
Your magical effects are unravelling.
You feel magically purged.
You feel less wooden.
Your +1 cloak of poison resistance unmelds from your body.
Your +0 hat unmelds from your body.
Your +0 robe unmelds from your body.
You feel resistant to poison.
You feel a little less mighty now.
Your attacks no longer feel as feeble.
The gnoll closely misses you. The goblin misses you.
You now have 3/59 hp.
It was a potion of degeneration.
There was something very wrong with that liquid.
You feel weakened.
You feel dopey.
You feel clumsy. The goblin hits you but does no damage.
The gnoll hits you from afar with a +1 heavy spear!
You die...

....... #. #####....... #.#
#...>....... #.#
######....###.#.g #####.#
#........###K. ......#
#......#####.# ......#
#.....## #..# .
......#####.#.)######.###....
.............)..@gK..........
......###..)...###g.....)#...
.......##......# ###...###
....÷.<##......# ....#
.......).......# .##..#
......##.......# #. ...#
####.##[÷###.### . .#..
#.#...# #.# .. # #.. ..#.#..
...


You could see a gnoll (swift), a goblin and a kobold.

Vanquished Creatures
  A howler monkey (D:4)
  A hound (D:4)
  Crazy Yiuf (D:3)
  A gnoll bouda (D:4)
  An orc priest (D:2)
  2 orc wizards (D:2)
  7 gnolls
  3 adders
  A worm (D:3)
  A dart slug (D:1)
  7 orcs
  5 bats
  7 endoplasms
  4 giant cockroaches
  A goblin (D:1)
  8 hobgoblins
  5 quokkas
  6 ball pythons
  4 frilled lizards
  8 kobolds
  3 rats
77 creatures vanquished.

Notes
Turn   | Place    | Note
-------+----------+-------------------------------------------
     0 | D:1      | KyoPewz the Ogre Gladiator began the quest for the Orb.
     0 | D:1      | Reached XP level 1. HP: 22/22 MP: 1/1
    63 | D:1      | Reached skill level 3 in Maces & Flails
   220 | D:1      | Reached XP level 2. HP: 25/29 MP: 2/2
   835 | D:2      | Reached XP level 3. HP: 34/36 MP: 3/3
  1206 | D:2      | Found a faded altar of an unknown god.
  1289 | D:2      | Reached XP level 4. HP: 27/44 MP: 4/4
  1293 | D:2      | Reached skill level 4 in Maces & Flails
  1470 | D:2      | Reached XP level 5. HP: 23/50 MP: 5/5
  2426 | D:3      | Reached skill level 5 in Maces & Flails
  2729 | D:3      | Reached XP level 6. HP: 59/59 MP: 6/6
  2764 | D:3      | Found a runed translucent door.
  2765 | D:3      | Noticed Crazy Yiuf
  2772 | D:3      | Killed Crazy Yiuf
  3226 | D:4      | HP: 3/88 [gnoll/+0 club[a gnoll bouda] (5)]
  3232 | D:4      | Mangled by a gnoll

Illustrated notes

Levels and vault maps discovered:
D:1:      ldierk_walled_garden_2, layout_basic
D:2:      layout_basic, shapermc_ecumenical_altar_mp_vishouse,
          skrybe_limestone_x, nicolae_hexahallways, minmay_unequal
D:3:      layout_loops_cross, uniq_crazy_yiuf_cottage
D:4:      layout_rooms

Skill      XL: |  1  2  3  4  5  6 |
---------------+-------------------+-----
Maces & Flails | 3 4 5 |  5.7
Throwing       | 3 4 |  4.2
Fighting       | |  2.6
Dodging        | |  2.6

Action                     |  1- 3 |  4- 6 || total
---------------------------+-------+-------++-------
  Melee: Flail             |    75 |   134 ||   209
  Throw: Large rock        |     1 |     4 ||     5
         Stone             |       |    11 ||    11
    Use: Scroll            |       |     5 ||     5
         Potion            |       |     5 ||     5
   Stab: Sleeping          |     2 |       ||     2
 Armour: Robe              |    29 |    45 ||    74
         Skin              |       |     3 ||     3
  Dodge: Dodged            |    50 |    58 ||   108
